 Dungeon Crawl Stone Soup version 0.14-a0-2443-g5aee772 (webtiles) character file.

338 RedPan the Cudgeler (level 5, -6/32 HPs)
             Began as a Gargoyle Fighter on Feb 5, 2014.
             Killed from afar by Dowan (9 damage)
             ... with a shard of ice
             ... on Level 4 of the Dungeon.
             The game lasted 00:10:37 (2251 turns).

RedPan the Cudgeler (Gargoyle Fighter)              Turns: 2251, Time: 00:10:38

HP  -6/32        AC 15     Str 20      XL: 5   Next: 76%
MP   5/5         EV  2     Int  9      God:
Gold 140         SH 18     Dex  9      Spells:  0 memorised,  4 levels left

rFire  . . .     SeeInvis .     a - +0 mace (curse)
rCold  . . .     Clarity  .     e - +0 plate armour
rNeg   + . .     Conserve .     c - +0 shield
rPois  +         rCorr    .     (no helmet)
rElec  +         rRot     +     (no cloak)
SustAb . .       Spirit   .     (no gloves)
rMut   .         Warding  .     (no boots)
Saprov . . .     Stasis   .     (no amulet)
MR     .....                    (no ring)
                                (no ring)

@: not resistant to hostile enchantments, extremely unstealthy
A: life protection 1, electricity resistance, unbreathing, petrification
resistance, AC +4
a: no special abilities


You were on level 4 of the Dungeon.
You were not hungry.

You visited 1 branch of the dungeon, and saw 4 of its levels.

You collected 140 gold pieces.

Inventory:

Hand weapons
 a - a cursed +0,+0 mace (weapon)
Armour
 b - a +0 scale mail
 c - a +0 shield (worn)
 e - a +0 plate armour (worn)
 h - a +0 helmet
Magical devices
 t - a wand of flame (12)
 x - a wand of enslavement (14)
 F - a wand of slowing (6)
Comestibles
 d - 3 bread rations
 u - a choko
 z - a pear
 G - a chunk of orc flesh
Scrolls
 f - 3 scrolls of identify
 k - a scroll of immolation {unknown}
 l - a scroll of enchant armour {unknown}
 m - a scroll of curse weapon
 n - a scroll of random uselessness {unknown}
 p - a scroll of enchant weapon II {unknown}
 s - 3 scrolls of teleportation
 v - a scroll of curse jewellery {unknown}
 w - a scroll of magic mapping {unknown}
 y - a scroll of remove curse {unknown}
 B - a scroll of fear {unknown}
Jewellery
 E - an uncursed amulet of stasis
Potions
 g - a potion of paralysis
 i - 3 potions of heal wounds
 j - a potion of resistance {unknown}
 o - a potion of agility {unknown}
 q - 2 potions of curing
 r - a potion of magic {unknown}
 A - a potion of blood
 C - a potion of lignification
 D - a potion of brilliance {unknown}


   Skills:
 - Level 3.2 Fighting
 + Level 6.4 Maces & Flails
 - Level 3.2 Armour
 - Level 3.2 Shields


You had 4 spell levels left.
You didn't know any spells.

Dungeon Overview and Level Annotations

Branches:
Dungeon (4/16)
 Temple: D:4-7

Altars:
Yredelemnul

Annotations:
D:4 Dowan


Innate Abilities, Weirdness & Mutations

You are resistant to torment.
You are immune to poison.
Your stone body is very resilient (AC +4).
You resist negative energy.
You are resistant to electric shocks.
You can survive without breathing.
You are immune to petrification.


Message History

Dowan hits you but does no damage.
You hit Dowan.
Dowan is heavily wounded.
Dowan gestures wildly while chanting.
Dowan blinks!
You cannot move.
You hit Dowan.
Dowan is severely wounded.
You block Dowan's attack.
You barely miss Dowan.
Dowan is severely wounded.
Dowan casts a spell at you. The stone arrow hits you!
You closely miss Dowan.
Dowan is severely wounded.
You feel less woody.
Your +0 plate armour unmelds from your body.
Dowan points at you and mumbles some strange words.
The shard of ice hits you!
You die...

..># #..# #.?# ≈≈
#..###+##♣≈≈≈
#.........≈♣P
#..........≈♣
#............♣
#.............
#.@e..........
+.............
#............
..######..##########
........).#
........<.#
.........(#
.........#
.........#


You could see Dowan.

Vanquished Creatures
  Duvessa (D:4)
  6 adders
  2 worms
  2 oozes (D:1)
  An orc (D:4)
  7 giant cockroaches
  8 goblins
  7 hobgoblins
  3 ball pythons
  6 bats
  A giant gecko (D:1)
  6 jackals
  3 kobolds
  12 rats
65 creatures vanquished.

Notes
Turn   | Place    | Note
--------------------------------------------------------------
     0 | D:1      | RedPan, the Gargoyle Fighter, began the quest for the Orb.
     0 | D:1      | Reached XP level 1. HP: 14/14 MP: 1/1
   214 | D:1      | Reached XP level 2. HP: 19/19 MP: 2/2
   498 | D:1      | Reached XP level 3. HP: 23/23 MP: 3/3
   903 | D:1      | Reached skill level 4 in Maces & Flails
  1002 | D:2      | Reached XP level 4. HP: 23/28 MP: 4/4
  1395 | D:2      | Reached skill level 5 in Maces & Flails
  1857 | D:3      | Found a basalt altar of Yredelemnul.
  1878 | D:3      | Reached XP level 5. HP: 32/32 MP: 5/5
  2161 | D:4      | Noticed Dowan
  2182 | D:4      | Noticed Duvessa
  2203 | D:4      | Killed Duvessa
  2203 | D:4      | Reached skill level 6 in Maces & Flails
  2223 | D:4      | Paralysed by a potion of paralysis for 6 turns
  2234 | D:4      | HP: 2/48 [Dowan/shard of ice (3)]
  2251 | D:4      | Killed from afar by Dowan

Action                   |  1- 3 |  4- 6 || total
-------------------------+-------+-------++-------
Melee: Mace              |   115 |   143 ||   258
Evoke: Wand              |       |     4 ||     4
  Use: Scroll            |       |     3 ||     3
       Potion            |       |     3 ||     3
